 Dungeon Crawl Stone Soup version 0.15.0-34-g666c3a1 (webtiles) character file.

62 MackTheKnife the Chiller (level 3, -3/24 HPs)
             Began as a Mummy Ice Elementalist on Sept 14, 2014.
             Slain by an adder (5 damage)
             ... on Level 2 of the Dungeon.
             The game lasted 00:03:51 (2160 turns).

MackTheKnife the Chiller (Mummy Ice Elementalist)   Turns: 2160, Time: 00:03:51

HP  -3/24        AC  3     Str 11      XL: 3   Next: 85%
MP   5/6         EV 12     Int 15      God:
Gold 137         SH  0     Dex 12      Spells:  2 memorised,  3 levels left

rFire  x . .     SeeInvis .     h - +3 mace
rCold  + . .     Clarity  .     a - +1 robe
rNeg   + + +     rCorr    .     (no shield)
rPois  +         rRot     +     (no helmet)
rElec  .         Spirit   .     (no cloak)
SustAb .         Warding  .     (no gloves)
rMut   .         Stasis   .     (no boots)
Gourm  .                        (no amulet)
MR     .....                    (no ring)
                                i - ring of wizardry

@: not resistant to hostile enchantments, unstealthy
A: no food or potions, fire vulnerability, restore body, cold resistance 1,
negative energy resistance 3, poison resistance, torment resistance, unbreathing
a: no special abilities


You were on level 2 of the Dungeon.
You were not hungry.

You visited 1 branch of the dungeon, and saw 2 of its levels.

You collected 137 gold pieces.


Innate Abilities, Weirdness & Mutations

You do not eat or drink.
Your flesh is vulnerable to fire.
Your flesh is cold resistant.
You are immune to negative energy.
Your system is resistant to poisons.
You are immune to unholy pain and torment.
You can survive without breathing.


   Skills:
 - Level 1.5 Dodging
 - Level 1.5 Stealth
 - Level 2.0 Spellcasting
 - Level 0.7 Conjurations
 + Level 4.0 Ice Magic


You had 3 spell levels left.
You knew the following spells:

 Your Spells              Type           Power        Failure   Level  Hunger
x - Throw Frost           Conj/Ice       #.....       6%          2    N/A
z - Freeze                Ice            ##..         1%          1    N/A

Inventory:

Hand weapons
 h - a +3 mace (weapon)
Missiles
 g - 15 stones
 j - a throwing net (quivered)
Armour
 a - a +1 robe (worn)
Magical devices
 c - a wand of confusion (12)
Scrolls
 e - 4 scrolls of remove curse
 f - 2 scrolls of identify
Jewellery
 i - a ring of wizardry (left hand)
Books
 b - a book of Frost

   Spells                             Type                      Level
   *Freeze                            Ice                          1
   *Throw Frost                       Conjuration/Ice              2
   Ozocubu's Armour                   Charms/Ice                   3
   Throw Icicle                       Conjuration/Ice              4
   Summon Ice Beast                   Ice/Summoning                4
   Condensation Shield                Ice                          4

░░◦░◦░◦░░░◦░░·░
░◦░░░░░◦░░░
░◦◦◦◦◦◦◦◦◦◦◦◦·▒ ░◦░░
░◦░
░◦◦░◦░◦░░░◦▒▒·▒░░░░◦◦░
░◦░░░
░◦░◦·◦▒▒░░◦▒···◦◦◦◦◦◦░
░◦◦◦·
░◦░▒·▒▒·◦◦◦▒··▒░░░░░◦░
░░░░▒ ░◦░◦····◦░▒▒··▒
░◦░ ▒ ░◦◦◦◦···◦◦◦·#·▒
░◦░ ▒ ░░░◦◦◦··◦░░▒KS▒
░◦░ ▒▒▒▒▒▒
░░◦░▒·░▒▒▒M#▒ ░◦░
▒····· ▒·▒▒·▒▒####▒ ░◦░
▒····· ▒···)··####▒ ░◦░
▒····· ▒▒▒▒·▒▒#▒▒▒▒
▒·▒▒▒·<··· ▒·░▒)▒
▒·········
▒·░▒·▒▒▒▒▒▒▒▒▒▒▒▒▒▒▒·▒·
▒·░▒············▒ ▒·▒·
▒·░▒··▒▒▒▒▒▒▒▒▒·▒ ▒<▒▒
▒·░▒[)▒░░░░ ▒·▒ ▒·▒


You could see an adder and a kobold.


Message History

The kobold shouts!
The kobold throws a stone.
The stone barely misses you.
Read which item? (? for menu, Esc to quit)
As you read the scroll labeled SIMYAD TUPAR, it crumbles to dust.
The scroll dissolves into smoke.
It was a scroll of fog.
Read which item? (? for menu, Esc to quit)
As you read the scroll labeled PLEXYTT URYISM, it crumbles to dust.
Your +3 mace glows mottled silver for a moment.
It was a scroll of random uselessness.
Read which item? (? for menu, Esc to quit)
Blink to where?
Are you sure you want to cancel this blink?
Okay, then.
It was a scroll of blinking.
Read which item? (? for menu, Esc to quit)
As you read the scroll labeled JAIMAM SHETWAO, it crumbles to dust.
You feel aware of your surroundings.
It was a scroll of magic mapping.
A kobold is nearby!
An adder comes into view.
The kobold closely misses you.
You closely miss the kobold. The kobold hits you with a dagger.
You miss the adder. The adder completely misses you.
The kobold hits you with a dagger.
* * * LOW HITPOINT WARNING * * *
The adder bites you.
* * * LOW HITPOINT WARNING * * *
The kobold hits you with a dagger.
* * * LOW HITPOINT WARNING * * *
You barely miss the adder. The adder bites you.
You die...

Action                   || total
-------------------------++-------
Melee: Unarmed           ||    18
       Mace              ||    54
       Dagger            ||     8
       Spear             ||     4
 Cast: Freeze            ||    21
       Throw Frost       ||     8
Evoke: Wand              ||     1
  Use: Scroll            ||     7
 Stab: Sleeping          ||     1

Vault maps used:
D:1:      dpeg_arrival_ternary, kennysheep_pointless_box
D:2:      uniq_jessica

Notes
Turn   | Place    | Note
--------------------------------------------------------------
     0 | D:1      | MackTheKnife, the Mummy Ice Elementalist, began the quest for the Orb.
     0 | D:1      | Reached XP level 1. HP: 13/13 MP: 3/3
   548 | D:1      | Reached XP level 2. HP: 13/19 MP: 0/4
   774 | D:1      | Reached skill level 3 in Ice Magic
   902 | D:1      | Learned a level 2 spell: Throw Frost
  1358 | D:2      | Reached XP level 3. HP: 10/24 MP: 0/6
  2003 | D:2      | Noticed Jessica
  2009 | D:2      | Killed Jessica
  2147 | D:2      | Reached skill level 4 in Ice Magic
  2159 | D:2      | HP: 2/24 [kobold/dagger (2)]
  2160 | D:2      | Slain by an adder

Vanquished Creatures
  Jessica (D:2)
  An adder (D:2)
  3 giant cockroaches
  6 hobgoblins
  5 kobolds
  7 bats
  4 giant newts
  4 goblins
  3 rats (D:2)
34 creatures vanquished.
